 Dungeon Crawl Stone Soup version 0.23.2-40-g277498a001 (webtiles) character file.

Game seed: 15616264668272963899

16902 KamiKatze the Fighter (level 12, 0/96 HPs)
             Began as a Felid Berserker on Oct 21, 2019.
             Was the Champion of Trog.
             Killed from afar by Azrael (37 damage)
             ... with a fireball
             ... on level 2 of the Orcish Mines on Oct 23, 2019.
             The game lasted 01:39:13 (27436 turns).

KamiKatze the Fighter (Felid Berserker)            Turns: 27436, Time: 01:39:14

Health: 0/96       AC:  3    Str: 22    XL:     12   Next: 14%
Magic:  18/18      EV: 33    Int: 10    God:    Trog [******]
Gold:   1960       SH:  0    Dex: 15    Spells: 11/11 levels left
                                        Lives:  0   Deaths: 4

rFire    . . .     SeeInvis +     - Unarmed
rCold    + . .     Gourm    .   (shield unavailable)
rNeg     . . .     Faith    +   (armour unavailable)
rPois    +         Spirit   .   (helmet unavailable)
rElec    .         Reflect  .   (cloak unavailable)
rCorr    .         Harm     .   (gloves unavailable)
MR       +....                  (boots unavailable)
Stlth    ..........             C - amulet of faith
HPRegen  0.26/turn              B - +4 ring of evasion
MPRegen  0.16/turn              n - ring of poison resistance

@: berserking, very quick
A: very small, no armour, no weapons or thrown items, stealth, claws 1, fangs 3,
see invisible, carnivore, speed 1, shaggy fur 3, slow metabolism 1, sharp paws
a: Berserk, Trog's Hand, Brothers in Arms, Renounce Religion


You were on level 2 of the Orcish Mines.
You worshipped Trog.
Trog was exalted by your worship.
You were very full.

You visited 4 branches of the dungeon, and saw 20 of its levels.
You also visited: Sewer and Bailey.

You collected 1960 gold pieces.

Inventory:

Jewellery
 b - an uncursed ring of stealth
 n - a ring of poison resistance (right paw)
 v - an uncursed ring of resist corrosion
 B - a +4 ring of evasion (left paw)
 C - an amulet of faith (around neck)
 E - an uncursed ring of flight
 F - the ring "Zuic" {Int+3 Slay+2 Stlth-}
   (You took it off a gnoll on level 6 of the Dungeon)

   [ring of attention]

   It affects your intelligence (+3).
   It affects your accuracy and damage with ranged weapons and melee attacks
   (+2).
   It makes you less stealthy.
 G - an uncursed ring of magical power
Wands
 p - a wand of polymorph (15)
 q - a wand of flame (39)
 r - a wand of enslavement (6)
 y - a wand of iceblast (3)
 z - a wand of digging (6)
 D - a wand of random effects (48)
 J - a wand of acid (7)
Scrolls
 c - 10 scrolls of remove curse
 d - 9 scrolls of teleportation
 h - 2 scrolls of fog
 k - 2 scrolls of fear
 m - 4 scrolls of blinking
 u - 3 scrolls of magic mapping
 K - 7 scrolls of identify
 L - a scroll of vulnerability {unknown}
Potions
 e - 3 potions of cancellation
 f - 2 potions of resistance
 g - 3 potions of ambrosia
 i - 8 potions of heal wounds
 j - 17 potions of curing
 l - 8 potions of flight
 o - 3 potions of lignification
 t - 3 potions of mutation
 x - a potion of might
 A - 3 potions of invisibility
 H - a potion of agility
Miscellaneous
 s - a phial of floods (inert)
 I - a box of beasts
Comestibles
 a - 41 rations
 w - 7 chunks of flesh


   Skills:
 * Level 14.7 Fighting
 + Level 13.7 Dodging
 - Level 11.0 Stealth
 * Level 14.6 Unarmed Combat
 + Level 7.4 Evocations


You had 11 spell levels left.
You didn't know any spells.
Your spell library was empty.

Dungeon Overview and Level Annotations

Branches:
Dungeon (12/15)            Temple (1/1) D:4            Lair (5/6) D:9
  Swamp (0/4) Lair:4       Spider (0/4) Lair:3        Slime (0/5) Lair:5
    Orc (2/2) D:11            Elf (0/3) Orc:2

Altars:
Ashenzari
Cheibriados
Dithmenos
Elyvilon
Fedhas
Gozag
Hepliaklqana
Kikubaaqudgha
Makhleb
Nemelex Xobeh
Okawaru
Qazlal
Ru
Sif Muna
Trog
Uskayaw
Vehumet
Wu Jian
Xom
Yredelemnul
Zin
The Shining One
Beogh
Jiyva

Shops:
D:6 %   D:11 (   Orc:1 [

Annotations:
D:11 1 runed translucent door
Lair:4 exclusions: Nessos and 4 oklob plants
Orc:2 Azrael


Innate Abilities, Weirdness & Mutations

You cannot wear armour.
You are incapable of wielding weapons or throwing items.
Your paws allow you to move quietly. (Stealth)
You have sharp claws.
You have razor-sharp teeth.
You have supernaturally acute eyesight. (SInv)
You are carnivorous and can eat meat at any time.
You cover ground quickly.
Your thick and shaggy fur keeps you warm. (AC +3, rC+)
You have a slow metabolism.
Your sharp claws are effective at attacking unaware monsters.


Message History

There is a stone staircase leading down here.
Things that are here:
a +0 leather armour; a +0 whip
There is a stone staircase leading down, spattered with blood here.
You climb downwards.
Level annotation: Azrael
There is a stone staircase leading up, spattered with blood here.
Things that are here:
a +0 chain mail; a +0 battleaxe The hell hound barks!
Azrael gestures at you.
The sphere of damnation explodes!
The damnation engulfs you!!!
Ouch! That really hurt!
The damnation engulfs Azrael.
Azrael completely resists.
You hear a shout!
A red film seems to cover your vision as you go berserk!
You feel yourself moving faster!
You feel mighty! Azrael gestures at you.
The fireball explodes!
The fireball engulfs you!!!
You die...

..###..#.......#....#......)..#.#
..#........_...................##
......°#.......#..)............#.
.......#.......#.................
.......##.....##...)..[).##.#)...
.......####.####......[######....
.....)...................##......
...........[[[[......[...##......
.....).[<.......@Rh.E..°.........
.......[.........#○○.☼°○<.o......
....#...........####°...[.......#
..####..........# ##...........#
..# ##.........# ##.......#.##
.## #####...### ##......### ##
#....# #......# # #.#.## ##....##
# ######


You could see Azrael, a fire elemental and a hell hound.

Vanquished Creatures
  Rupert (Lair:4)
  Gastronok (D:8)
  Snorg (D:12)
  6 hydras
  A centaur warrior (D:8)
  6 two-headed ogres
  9 death yaks
  Nergalle (Lair:4)
  2 unseen horrors (D:12)
  2 orc knights
  The ghost of yackovtube the Covert, a novice KoEn of Dithmenos (D:6)
  The ghost of Aggronaut the Cleaver, a novice DrBe of Trog (D:7)
  2 ugly things (D:12)
  A cyclops (D:12)
  7 elephants
  4 black mambas
  Joseph (D:8)
  2 centaur zombies
  2 gargoyles
  7 spiny frogs
  A kobold demonologist (D:12)
  A rime drake (Lair:4)
  5 komodo dragons
  A merfolk (D:11)
  6 trolls
  A jumping spider (Lair:3)
  5 slime creatures (D:12)
  Prince Ribbit (D:6)
  7 dream sheep
  2 bog bodies (Lair:4)
  Sigmund (D:2)
  5 hippogriffs
  2 redbacks (Lair:3)
  25 yaks
  A wyvern (D:12)
  2 shadows
  A basilisk (Lair:2)
  Grum (D:8)
  A fire elemental (Orc:1)
  4 hungry ghosts
  A steam dragon (shapeshifter) (D:10)
  4 wargs
  A hell hound (Orc:1)
  8 water moccasins
  8 porcupines
  Duvessa (D:6)
  A hornet zombie (D:7)
  2 sky beasts
  2 black bears
  6 necrophages
  14 ogres
  24 orc warriors
  11 wolves
  4 centaurs
  4 crocodiles
  A big kobold (D:11)
  13 bullfrogs
  A wyvern zombie (D:10)
  Dowan (D:6)
  2 scorpions
  2 wights
  2 electric eels (D:9)
  2 howler monkeys
  7 crimson imps
  2 bullfrog zombies
  11 hounds
  29 orc priests
  3 jellies
  24 orc wizards
  2 centaur skeletons
  Terence (D:2)
  5 iguanas
  Natasha (thrice) (D:2)
  8 worker ants
  A hound zombie (D:8)
  5 gnolls
  4 river rats (Sewer)
  10 adders
  A white imp (D:4)
  3 worms
  3 dart slugs
  5 leopard geckos
  85 orcs
  7 giant cockroaches
  10 goblins
  13 hobgoblins
  10 jackals
  29 kobolds
  5 quokkas
  7 ball pythons (Sewer)
  6 bats
  4 frilled lizards
  3 leopard gecko zombies
  A quokka skeleton (D:7)
  2 quokka zombies (D:9)
  27 rats
  A fungus (Lair:5)
583 creatures vanquished.

Vanquished Creatures (collateral kills)
  Nessos (Lair:4)
  An ugly thing (D:12)
  An elephant (Lair:3)
  2 gnoll sergeants (D:6)
  A gnoll shaman (D:6)
  4 gnolls (D:6)
10 creatures vanquished.

Vanquished Creatures (others)
  3 fungi
  19 plants
22 creatures vanquished.

Grand Total: 615 creatures vanquished

Notes
Turn   | Place    | Note
-------+----------+-------------------------------------------
     0 | D:1      | KamiKatze the Felid Berserker began the quest for the Orb.
     0 | D:1      | Reached XP level 1. HP: 10/10 MP: 2/2
   294 | D:1      | Reached XP level 2. HP: 12/14 MP: 3/3
   816 | D:2      | Noticed Terence
   821 | D:2      | Killed Terence
   821 | D:2      | Reached XP level 3. HP: 17/17 MP: 4/4
   928 | D:2      | Noticed Sigmund
   959 | D:2      | Found a sacrificial altar of Ru.
  1110 | D:2      | Reached ** piety under Trog
  1241 | D:2      | Reached XP level 4. HP: 11/22 MP: 5/5
  1471 | D:2      | Killed Sigmund
  1471 | D:2      | Reached skill level 5 in Dodging
  1471 | D:2      | Reached XP level 5. HP: 25/25 MP: 6/6
  1497 | D:2      | Noticed Natasha
  1594 | D:2      | Reached skill level 5 in Unarmed Combat
  1594 | D:2      | Gained mutation: You are covered in thick fur. (AC +2)
                  | [Felid growth]
  1594 | D:2      | Reached XP level 6. HP: 20/30 MP: 7/7
  1729 | D:2      | Reached skill level 5 in Fighting
  2068 | D:2      | Killed Natasha
  2097 | D:2      | Noticed Natasha
  2105 | D:2      | Killed Natasha
  2206 | D:2      | Noticed Natasha
  2210 | D:2      | Killed Natasha
  2440 | D:3      | Found a snail-covered altar of Cheibriados.
  2851 | D:3      | Reached *** piety under Trog
  2866 | D:3      | Found a glowing drain.
  2874 | Sewer    | Entered a sewer
  3220 | Sewer    | Reached **** piety under Trog
  3231 | Sewer    | Reached skill level 1 in Stealth
  3265 | Sewer    | Reached XP level 7. HP: 24/33 MP: 8/8
  3692 | D:4      | Found a staircase to the Ecumenical Temple.
  3699 | Temple   | Entered the Ecumenical Temple
  4774 | D:5      | Entered Level 5 of the Dungeon
  5024 | D:5      | Reached XP level 8. HP: 37/39 MP: 9/9
  5855 | D:6      | Noticed Duvessa
  5855 | D:6      | Noticed Dowan
  5861 | D:6      | Killed Duvessa
  5865 | D:6      | Killed Dowan
  5937 | D:6      | Found Neadair's Food Shoppe.
  6146 | D:6      | Reached skill level 1 in Evocations
  6152 | D:6      | Identified the +4 trident of Fudisell {pain, rPois rC+++
                  | Dex-3}
  6152 | D:6      | Identified the +0 scale mail of Kuciutod {rPois rF+++ rCorr
                  | Slay-4}
  6175 | D:6      | Found a transporter.
  6176 | D:6      | Found a transporter.
  6187 | D:6      | Identified the ring "Zuic" {Int+3 Slay+2 Stlth-}
  6198 | D:6      | Noticed yackovtube's ghost (novice KoEn)
  6492 | D:6      | Noticed Prince Ribbit
  6704 | D:6      | Killed Prince Ribbit
  6704 | D:6      | Reached skill level 5 in Stealth
  6704 | D:6      | Reached XP level 9. HP: 43/43 MP: 11/11
  7320 | D:7      | Reached ***** piety under Trog
  7878 | D:7      | Found a runed translucent gate.
  7878 | D:7      | Found a runed translucent gate.
  7878 | D:7      | Found a runed translucent gate.
  7879 | D:7      | Found a roughly hewn altar of Beogh.
  7881 | D:7      | Noticed Aggronaut's ghost (novice DrBe)
  8500 | D:8      | Noticed Grum
  8790 | D:8      | Noticed Joseph
  8805 | D:8      | Killed Joseph
  8805 | D:8      | Reached XP level 10. HP: 49/49 MP: 12/12
  8871 | D:8      | Noticed a centaur warrior
  8873 | D:8      | Noticed Gastronok
  9083 | D:8      | Killed Gastronok
  9324 | D:8      | Killed a centaur warrior
  9324 | D:8      | Reached skill level 10 in Fighting
  9324 | D:8      | Reached skill level 10 in Unarmed Combat
  9623 | D:8      | Found a shadowy altar of Dithmenos.
 10027 | D:8      | Killed Grum
 10202 | D:9      | Noticed a two-headed ogre
 10235 | D:9      | Reached skill level 10 in Dodging
 10447 | D:9      | Killed a two-headed ogre
 10447 | D:9      | Reached XP level 11. HP: 32/55 MP: 13/13
 10614 | D:9      | Noticed a two-headed ogre
 10643 | D:9      | Killed a two-headed ogre
 10855 | D:9      | Found a staircase to the Lair.
 11874 | D:10     | Entered Level 10 of the Dungeon
 11948 | D:10     | Found a flagged portal.
 11996 | Bailey   | Entered a bailey
 12053 | Bailey   | Noticed an orc knight
 12430 | D:10     | Noticed a death drake
 12451 | D:10     | HP: 1/75 [death drake (shapeshifter) (9)]
 12452 | D:10     | Engulfed by a death drake (shapeshifter)'s foul pestilence
 12453 | D:10     | Reached XP level 10. HP: -1/70 MP: 12/12
 12483 | D:10     | Noticed a sea snake
 12518 | D:10     | Noticed a two-headed ogre
 12542 | D:10     | Killed a two-headed ogre
 12932 | Lair:1   | Entered Level 1 of the Lair of Beasts
 12932 | Lair:1   | Noticed a spiny frog
 12939 | Lair:1   | Killed a spiny frog
 13894 | Lair:1   | Noticed a black mamba
 13930 | Lair:1   | Noticed a spiny frog
 13936 | Lair:1   | Killed a spiny frog
 13936 | Lair:1   | Reached XP level 11. HP: 34/55 MP: 13/13
 14610 | Lair:1   | Reached skill level 10 in Stealth
 15943 | Lair:3   | Found a hole to the Spider Nest.
 16244 | Lair:3   | You fall through a shaft!
 16761 | Lair:4   | Noticed a five-headed hydra
 16864 | Lair:4   | Gained mutation: Your thick and shaggy fur keeps you warm.
                  | (AC +3, rC+) [Felid growth]
 16864 | Lair:4   | Reached XP level 12. HP: 29/61 MP: 15/15
 17068 | Lair:4   | Noticed a death yak
 17070 | Lair:4   | Noticed a death yak
 17071 | Lair:4   | Noticed a death yak
 17071 | Lair:4   | Noticed a death yak
 17072 | Lair:4   | Noticed a death yak
 17145 | Lair:4   | Found a staircase to the Swamp.
 17210 | Lair:4   | Noticed Nessos
 17484 | Lair:4   | HP: 2/61 [Nessos/arrow (2)]
 17485 | Lair:4   | Succumbed to Nessos's poison
 17486 | Lair:4   | Reached XP level 11. HP: 0/57 MP: 14/14
 17548 | Lair:4   | Killed Nessos
 17826 | Lair:4   | Noticed a death yak
 17925 | Lair:4   | Killed a death yak
 17946 | Lair:4   | Noticed Rupert
 17967 | Lair:4   | Killed Rupert
 18218 | Lair:4   | Noticed an oklob plant
 18218 | Lair:4   | Noticed an oklob plant
 18218 | Lair:4   | Noticed an oklob plant
 18218 | Lair:4   | Noticed an oklob plant
 18270 | Lair:4   | Killed a five-headed hydra
 18348 | Lair:4   | Noticed Nergalle
 18374 | Lair:4   | Killed Nergalle
 18374 | Lair:4   | Reached XP level 12. HP: 63/63 MP: 16/16
 18439 | Lair:4   | Noticed a five-headed hydra
 18444 | Lair:4   | Killed a five-headed hydra
 18444 | Lair:4   | Reached skill level 5 in Evocations
 18609 | Lair:4   | Killed a death yak
 18909 | Lair:4   | Killed a death yak
 19194 | Lair:4   | Killed a death yak
 19413 | Lair:4   | Killed a death yak
 19465 | Lair:4   | Killed a death yak
 19738 | Lair:5   | Reached ****** piety under Trog
 19824 | Lair:5   | Noticed a death yak
 20327 | Lair:5   | Noticed a death yak
 20335 | Lair:5   | Noticed a death yak
 20459 | Lair:5   | Killed a death yak
 20594 | Lair:5   | Killed a death yak
 20684 | Lair:5   | Killed a death yak
 20896 | Lair:5   | Found a viscous altar of Jiyva.
 20896 | Lair:5   | Found a staircase to the Slime Pits.
 21189 | D:6      | Killed yackovtube's ghost
 21421 | D:7      | Killed Aggronaut's ghost
 21669 | D:11     | Noticed a two-headed ogre
 21820 | D:11     | Noticed a two-headed ogre
 21836 | D:11     | Killed a two-headed ogre
 22283 | D:11     | Killed a two-headed ogre
 22283 | D:11     | Reached XP level 13. HP: 67/67 MP: 18/18
 22374 | D:11     | Found a staircase to the Orcish Mines.
 22751 | D:11     | Found Ytiysil's Weapon Boutique.
 22852 | D:11     | Found a runed translucent door.
 22852 | D:11     | Noticed an ettin
 22853 | D:11     | Found the cursed necklace of Bloodlust {*Rage +Rage MR++
                  | Int-3 Slay+6 *Curse}
 22856 | D:11     | Noticed a fire giant
 24247 | D:12     | Noticed Snorg
 24381 | D:12     | Slain by Snorg
 24382 | D:12     | Reached XP level 12. HP: 0/64 MP: 18/18
 24406 | D:12     | Killed Snorg
 24604 | D:12     | Noticed a five-headed hydra
 24647 | D:12     | Killed an eight-headed hydra
 24678 | D:12     | Killed a five-headed hydra
 24838 | Orc:1    | Entered Level 1 of the Orcish Mines
 24844 | Orc:1    | Found an iron altar of Okawaru.
 25015 | Orc:1    | Found Kongar's Armour Emporium.
 25194 | Orc:1    | HP: 3/96 [orc warrior/+2 dire flail of crushing (5)]
 25196 | Orc:1    | Demolished by an orc warrior
 25197 | Orc:1    | Reached XP level 11. HP: -15/90 MP: 17/17
 25391 | Orc:2    | Entered Level 2 of the Orcish Mines
 25436 | Orc:2    | Found a roughly hewn altar of Beogh.
 25489 | Orc:2    | Noticed an orc knight
 25703 | Orc:1    | Killed an orc knight
 26455 | Orc:2    | Reached XP level 12. HP: 62/64 MP: 18/18
 26637 | Orc:2    | Found a staircase to the Elven Halls.
 27042 | Orc:2    | Noticed Azrael
 27436 | Orc:2    | Killed from afar by Azrael

Skill      XL: |  1  2  3  4  5  6  7  8  9 10 11 12 |
---------------+-------------------------------------+-----
Fighting       | 4 5 6 7 9 10 13 14 | 14.7
Dodging        | 5 6 7 8 10 11 13 | 13.7
Unarmed Combat | 4 5 6 7 9 10 13 14 | 14.6
Stealth        | 1 3 5 6 8 10 11 | 11.0
Evocations     | 2 4 7 |  7.4

Action                   |  1- 3 |  4- 6 |  7- 9 | 10-12 | 13-15 || total
-------------------------+-------+-------+-------+-------+-------++-------
Melee: Unarmed           |    77 |   178 |   407 |  1114 |   208 ||  1984
       Bite              |     4 |    15 |    50 |   138 |    31 ||   238
       Punch             |     5 |     6 |    13 |    86 |    12 ||   122
Invok: Berserk           |     2 |     3 |     8 |    25 |     1 ||    39
       Trog's Hand       |     1 |       |     1 |     5 |       ||     7
       Brothers in Arms  |       |       |       |     1 |       ||     1
Evoke: Wand              |       |       |       |    20 |       ||    20
       Phial of floods   |       |       |       |     2 |     1 ||     3
       Box of beasts     |       |       |       |     2 |       ||     2
  Use: Scroll            |     1 |     4 |     5 |    18 |       ||    28
       Potion            |       |       |     3 |     3 |       ||     6
 Stab: Sleeping          |     5 |    12 |     7 |    23 |    10 ||    57
       Distracted        |       |       |     2 |     6 |       ||     8
  Eat: Chunk             |    10 |     7 |    16 |    76 |     7 ||   116
Armor: Skin              |     5 |     3 |     9 |    24 |     5 ||    46
Dodge: Dodged            |    55 |   159 |   339 |  1035 |   189 ||  1777
